 Dungeon Crawl Stone Soup version 0.31.0-11-ge490571c62 (webtiles) character file.

Game seed: 17203094863212877446

158 Ashen the Sneak (level 5, 0/37 HPs)
             Began as a Gnoll Enchanter on Feb 3, 2024.
             Slain by a hobgoblin (3 damage)
             ... on level 4 of the Dungeon.
             The game lasted 00:08:37 (2571 turns).

Ashen the Sneak (Gnoll Enchanter)                   Turns: 2571, Time: 00:08:37

Health: 0/37       AC:  4    Str:  8    XL:     5   Next: 40%
Magic:  10/12      EV: 14    Int: 14    God:
Gold:   135        SH:  0    Dex: 14    Spells: 3/14 levels left

rFire   . . .        a - +1 dagger
rCold   . . .        (no shield)
rNeg    . . .        b - +0 robe
rPois   .            (no helmet)
rElec   .            (no cloak)
rCorr   .            (no gloves)
SInv    .            k - +1 pair of boots
Will    .....        j - amulet of faith
Stlth   +++          (no ring)
HPRegen 0.26/turn    (no ring)
MPRegen 0.13/turn

%: faith
@: invisible
A: fangs 1, strong nose, distributed training
a: no special abilities


You were on level 4 of the Dungeon.
You visited 1 branch of the dungeon, and saw 4 of its levels.

You collected 135 gold pieces.

Inventory:

Hand Weapons
 a - a +1 dagger (weapon)
 n - a +1 short sword of venom
Armour
 b - a +0 robe (worn)
 k - a +1 pair of boots (worn)
Jewellery
 j - an amulet of faith (around neck)
Wands
 i - a wand of polymorph (6)
 s - a wand of digging (4)
 t - a wand of mindburst (18)
Scrolls
 d - 7 scrolls of identify {unknown}
 f - 2 scrolls of enchant weapon {unknown}
 g - 2 scrolls of teleportation {unknown}
 m - a scroll of vulnerability {unknown}
 o - a scroll of amnesia {unknown}
 p - a scroll of acquirement {unknown}
 r - a scroll of revelation {unknown}
Potions
 c - a potion of invisibility
 e - 2 potions of mutation {unknown}
 h - 3 potions of curing {unknown}
 l - a potion of berserk rage {unknown}
 q - 4 potions of might {unknown}


   Skills:
 + Level 1.5 Fighting
 + Level 3.0 Short Blades
 + Level 1.5 Long Blades
 + Level 1.5 Axes
 + Level 1.5 Maces & Flails
 + Level 1.5 Polearms
 + Level 1.5 Staves
 + Level 1.5 Ranged Weapons
 + Level 1.5 Throwing
 + Level 1.5 Armour
 + Level 4.8 Dodging
 + Level 6.1 Stealth
 + Level 1.5 Shields
 + Level 1.5 Unarmed Combat
 + Level 5.2 Spellcasting
 + Level 1.2 Conjurations
 + Level 5.5 Hexes
 + Level 1.2 Summonings
 + Level 1.2 Necromancy
 + Level 1.2 Translocations
 + Level 1.2 Fire Magic
 + Level 1.2 Ice Magic
 + Level 1.2 Air Magic
 + Level 1.2 Earth Magic
 + Level 1.2 Alchemy
 + Level 1.7 Invocations
 + Level 1.5 Evocations
 + Level 1.4 Shapeshifting


You had 3 spell levels left.
You knew the following spells:

 Your Spells              Type           Power      Damage    Failure   Level
a - Ensorcelled Hibernat  Hex/Ice        26%        N/A       6%          2
b - Confusing Touch       Hex            19%        N/A       5%          3
c - Tukima's Dance        Hex            19%        N/A       5%          3
d - Dazzling Flash        Conj/Hex       26%        N/A       13%         3

Your spell library contained the following spells:

 Spells                   Type           Power      Damage    Failure   Level
 Lesser Beckoning         Tloc           14%        N/A       16%         2
 Gell's Gravitas          Tloc           7%         N/A       30%         3
 Teleport Other           Tloc           7%         N/A       30%         3


Dungeon Overview and Level Annotations

Branches:
Dungeon (4/15)
 Temple: D:4-7

Altars:
Cheibriados
Makhleb
Ru

Shops:
D:4 (

Annotations:
D:4 1 transporter, exclusion: ogre, Eustachio; Flugkiller's ghost, amateur VSIE


Innate Abilities, Weirdness & Mutations

You have very sharp teeth.
Your uncanny sense of smell can sniff out nearby items.
Your experience applies equally to all skills.


Message History

The gnoll hits you with a +0 club. The hobgoblin misses you.
The gnoll misses you.
You closely miss the gnoll. Your bite misses the gnoll.
You strike the helpless gnoll from behind!
You puncture the gnoll!
You kill the gnoll!
The hobgoblin closely misses you. The gnoll barely misses you.
You hit the gnoll.
The gnoll is lightly wounded.
The hobgoblin barely misses you.
The gnoll hits you from afar with a +0 spear.
The gnoll hits you with a +0 club.
* * * LOW HITPOINT WARNING * * *
You hit the gnoll.
The gnoll is lightly wounded.
The hobgoblin closely misses you.
The gnoll hits you from afar with a +0 spear.
* * * LOW HITPOINT WARNING * * *
The gnoll barely misses you.
You strike the helpless gnoll from behind!
You impale the gnoll!!
You kill the gnoll!
The hobgoblin misses you.
The gnoll hits you from afar with a +0 spear.
* * * LOW HITPOINT WARNING * * *
You hit the hobgoblin.
The hobgoblin is moderately wounded.
The hobgoblin hits you but does no damage.
You barely miss the hobgoblin.
The hobgoblin is lightly wounded.
The hobgoblin closely misses you.
You completely miss the hobgoblin.
The hobgoblin is lightly wounded.
You barely miss the hobgoblin.
The hobgoblin is lightly wounded.
The hobgoblin barely misses you.
You closely miss the hobgoblin.
The hobgoblin is lightly wounded.
The hobgoblin hits you.
You die...

##### ## ##
.##.#..#.##.##.
...............
................ ..
...g....... ... .......
#.. #g).# ####
#...##)@.####....###
#...................
#...................
#.................. ..
+..........##....# ...
#...###....##....##..
#...###....##.....######
#.................#O...
+.................#W.#


You could see a gnoll (unable to see you) and a hobgoblin (unable to see you).

Vanquished Creatures
  Ijyb (D:3)
  3 gnolls (D:4)
  3 adders (D:2)
  2 ribbon worms (D:2)
  A dart slug (D:1)
  An orc (D:2)
  7 ball pythons
  3 endoplasms
  2 giant cockroaches
  3 goblins
  4 hobgoblins
  6 kobolds
  4 quokkas
  12 bats
  A frilled lizard (D:1)
  22 rats
75 creatures vanquished.

Notes
Turn   | Place    | Note
-------+----------+-------------------------------------------
     0 | D:1      | Ashen the Gnoll Enchanter began the quest for the Orb.
     0 | D:1      | Reached XP level 1. HP: 13/13 MP: 6/6
   125 | D:1      | Reached XP level 2. HP: 11/19 MP: 7/7
   149 | D:1      | Learned a level 2 spell: Ensorcelled Hibernation
   613 | D:1      | Reached skill level 5 in Spellcasting
   613 | D:1      | Reached XP level 3. HP: 25/25 MP: 5/9
   874 | D:1      | Reached skill level 6 in Stealth
  1062 | D:2      | Reached skill level 1 in Invocations
  1118 | D:2      | Reached skill level 1 in Fighting
  1118 | D:2      | Reached skill level 1 in Long Blades
  1118 | D:2      | Reached skill level 1 in Axes
  1118 | D:2      | Reached skill level 1 in Maces & Flails
  1118 | D:2      | Reached skill level 1 in Polearms
  1118 | D:2      | Reached skill level 1 in Staves
  1118 | D:2      | Reached skill level 1 in Ranged Weapons
  1118 | D:2      | Reached skill level 1 in Throwing
  1118 | D:2      | Reached skill level 1 in Armour
  1118 | D:2      | Reached skill level 1 in Shields
  1118 | D:2      | Reached skill level 1 in Unarmed Combat
  1118 | D:2      | Reached skill level 1 in Evocations
  1341 | D:2      | Reached skill level 1 in Shapeshifting
  1341 | D:2      | Reached XP level 4. HP: 26/32 MP: 8/11
  1576 | D:2      | Reached skill level 1 in Conjurations
  1576 | D:2      | Reached skill level 1 in Summonings
  1576 | D:2      | Reached skill level 1 in Necromancy
  1576 | D:2      | Reached skill level 1 in Translocations
  1576 | D:2      | Reached skill level 1 in Fire Magic
  1576 | D:2      | Reached skill level 1 in Ice Magic
  1576 | D:2      | Reached skill level 1 in Air Magic
  1576 | D:2      | Reached skill level 1 in Earth Magic
  1576 | D:2      | Reached skill level 1 in Alchemy
  1799 | D:3      | Noticed Ijyb
  1878 | D:4      | Found a burning altar of Makhleb.
  1890 | D:4      | Noticed an ogre
  1898 | D:4      | Learned a level 3 spell: Confusing Touch
  1902 | D:4      | Learned a level 3 spell: Tukima's Dance
  1906 | D:4      | Learned a level 3 spell: Dazzling Flash
  1909 | D:4      | Found Saosaes's Weapon Shop.
  1909 | D:4      | Noticed Eustachio
  1954 | D:3      | Found a sacrificial altar of Ru.
  1965 | D:3      | Found a snail-covered altar of Cheibriados.
  2345 | D:3      | Killed Ijyb
  2346 | D:3      | Reached XP level 5. HP: 20/37 MP: 10/12
  2527 | D:4      | Found a transporter.
  2529 | D:4      | Noticed an ogre
  2530 | D:4      | Noticed Flugkiller's ghost (amateur VSIE)
  2532 | D:4      | Noticed an ogre
  2533 | D:4      | Noticed an ogre
  2571 | D:4      | Slain by a hobgoblin

Illustrated notes

Levels and vault maps discovered:
D:1:      spicycebolla_arrival_clurvy, layout_basic
D:2:      layout_rooms
D:3:      layout_rooms, overflow_temple_1_default,
          mainiacjoe_overflow_small_starburst, minmay_rat_hole, uniq_ijyb
D:4:      layout_gridville, lemuel_crystal_altar, serial_shops,
          nicolae_shop_bloodbath_and_beyond, gammafunk_ghost_smash,
          chequers_decorated_corner, uniq_duvessa, uniq_eustachio

Skill      XL: |  1  2  3  4  5 |
---------------+----------------+-----
Spellcasting   | 5 |  5.2
Stealth        | 6 |  6.1
Invocations    | 1 |  1.7
Fighting       | 1 |  1.5
Long Blades    | 1 |  1.5
Axes           | 1 |  1.5
Maces & Flails | 1 |  1.5
Polearms       | 1 |  1.5
Staves         | 1 |  1.5
Ranged Weapons | 1 |  1.5
Throwing       | 1 |  1.5
Armour         | 1 |  1.5
Shields        | 1 |  1.5
Unarmed Combat | 1 |  1.5
Evocations     | 1 |  1.5
Shapeshifting  | 1 |  1.4
Conjurations   | 1 |  1.2
Summonings     | 1 |  1.2
Necromancy     | 1 |  1.2
Translocations | 1 |  1.2
Fire Magic     | 1 |  1.2
Ice Magic      | 1 |  1.2
Air Magic      | 1 |  1.2
Earth Magic    | 1 |  1.2
Alchemy        | 1 |  1.2
Short Blades   | 3 |  3.0
Dodging        | |  4.8
Hexes          | |  5.5

Action                     |  1- 3 |  4- 6 || total
---------------------------+-------+-------++-------
  Melee: Dagger            |   105 |   108 ||   213
         Bite              |     6 |     9 ||    15
         Punch             |     2 |     2 ||     4
   Cast: Ensorcelled Hiber |    25 |     9 ||    34
    Use: Potion            |       |     1 ||     1
   Stab: Sleeping          |    25 |    10 ||    35
         Distracted        |       |     1 ||     1
         Invisible         |       |     3 ||     3
 Armour: Robe              |    54 |    59 ||   113
  Dodge: Dodged            |    75 |    78 ||   153
